Cogmind - Beta 12 X2 @@@ ROGUE MODE // 2022.09.06 @ 17:05:13 Player: btmk16 Result: Destroyed by H-88 Terminator with KE Penetrator Performance ------------- Evolutions (9) 4500 Regions Visited (15) 3000 Robots Destroyed (176) 880 Value Destroyed (7093) 7093 Prototype IDs (12) 240 Alien Tech Used (10) 2000 Bonus (23630) 23630 TOTAL SCORE: 41343 Bonus ------- Triggered High Security 500 Triggered Max Security 3000 High Alert Combat Kills 1146 Follower Combat Kills 784 Entered Garrisons 200 Used Core Reset Matrix 3000 Integrated Exoskeleton 5000 Met MAIN.C 5000 Destroyed MAIN.C Shell 5000 Cogmind --------- Core Integrity 0/1600 Matter 300/300 Energy 644/650 System Corruption 11% Temperature Cool (0) Movement Walking (30) Location -1/Command Parts ------- > --- POWER (1) -------- Quantum Reactor > --- PROPULSION (3) --- Sigix Exoskeleton > --- UTILITY (5) ------ Medium Storage Unit Compact Battery Graphene Brace Hacking Suite Advanced Hacking Suite > --- WEAPON (4) ------- Sigix Broadsword Sigix Broadsword > --- INVENTORY (10) --- Light Neutrino Core Light Quantum Reactor Compact Battery (200) Long-range Sensor Array Advanced Weapon Cycler Transdimensional Reconstructor Sigix Sheargun Sigix Sheargun Peak State ------------ > --- POWER ------------ Quantum Reactor > --- PROPULSION ------- Sigix Exoskeleton > --- UTILITY ---------- Medium Storage Unit Compact Battery Long-range Sensor Array Advanced Weapon Cycler Graphene Brace > --- WEAPON ----------- Sigix Broadsword Sigix Broadsword > --- INVENTORY -------- Light Neutrino Core Light Quantum Reactor Compact Battery Transdimensional Reconstructor Sigix Sheargun Sigix Sheargun [Rating: 249] Favorites ----------- Power Antimatter-Fission Reactor Engine Deuterium Engine Power Core Light Neutrino Core Reactor Antimatter-Fission Reactor Propulsion Armored Treads Treads Armored Treads Leg Sigix Exoskeleton Hover Unit Combat Antigrav System Flight Unit Flying NPA Exoskeleton Utility Large Storage Unit Device Advanced Heat Sink Storage Large Storage Unit Hackware System Shield Protection Improved Light Armor Plating Weapon Flak Gun Energy Gun Advanced Beam Rifle Energy Cannon Advanced Beam Cannon Ballistic Gun Flak Gun Ballistic Cannon Burst Ballistic Construct/C Launcher Rocket Launcher Slashing Weapon Sigix Broadsword Piercing Weapon Spear Build | -11 -10 -9 -9 -8 -7 -6 -5 -4 -4 -3 -3 -3 -2 -1 -1 ------- Run | Scr Mat Mat Min Mat Fac Fac Fac Fac Gar Res Qua Sec Res Acc Com Slots Evolved 18 | . . 2 . 2 2 2 2 2 . 2 . . 2 2 . Power 1 | . . . . . . . . . . 1 . . . . . Propulsion 4 | . . 1 . . 1 . 2 . . . . . . . . Utility 9 | . . 1 . 1 1 1 . 2 . 1 . . . 2 . Weapon 4 | . . . . 1 . 1 . . . . . . 2 . . Parts Attached 155 | 7 2 12 1 26 17 14 11 3 2 9 22 14 6 3 6 Power 13 | 1 . 1 . 1 1 . 1 . . . 3 3 . . 2 Engine 3 | 1 . 1 . 1 . . . . . . . . . . . Core 4 | . . . . . 1 . 1 . . . . 2 . . . Reactor 6 | . . . . . . . . . . . 3 1 . . 2 Propulsion 45 | 2 . 6 . 13 8 3 5 . . . 5 3 . . . Treads 37 | 2 . 6 . 13 8 3 5 . . . . . . . . Leg . | . . . . . . . . . . . . . . . . Wheel . | . . . . . . . . . . . . . . . . Hover 3 | . . . . . . . . . . . 3 . . . . Flight 5 | . . . . . . . . . . . 2 3 . . . Utility 58 | 2 1 2 1 6 7 4 2 3 2 5 8 4 5 2 4 Device 29 | 1 . 1 . 5 4 2 2 1 . 2 5 3 2 . 1 Storage 11 | 1 1 . . 1 . . . . . 2 . . 3 2 1 Processor . | . . . . . . . . . . . . . . . . Hackware 3 | . . . . . . . . . . 1 . . . . 2 Protection 15 | . . 1 1 . 3 2 . 2 2 . 3 1 . . . Artifact . | . . . . . . . . . . . . . . . . Weapon 39 | 2 1 3 . 6 1 7 3 . . 4 6 4 1 1 . Energy Gun 6 | . . . . 1 . 2 . . . . 3 . . . . Energy Cannon 7 | . . . . 1 . 1 2 . . 3 . . . . . Ballistic Gun 15 | 2 1 3 . 4 1 3 1 . . . . . . . . Ballistic Cannon . | . . . . . . . . . . . . . . . . Launcher 1 | . . . . . . 1 . . . . . . . . . Special Weapon . | . . . . . . . . . . . . . . . . Impact Weapon . | . . . . . . . . . . . . . . . . Slashing Weapon 9 | . . . . . . . . . . . 3 4 1 1 . Piercing Weapon 1 | . . . . . . . . . . 1 . . . . . Special Melee Weapon . | . . . . . . . . . . . . . . . . Unidentified Prototypes 8 | . . . . 1 . . . . . 1 4 2 . . . Parts Lost 57 | . . 7 . 9 3 7 18 . 4 4 3 2 . . . Power 7 | . . 1 . 1 1 . 3 . . 1 . . . . . Propulsion 17 | . . 3 . 3 . 2 6 . 1 1 1 . . . . Utility 18 | . . 1 . 2 2 1 4 . 3 2 1 2 . . . Weapon 15 | . . 2 . 3 . 4 5 . . . 1 . . . . Highest Loss Streak 10 | . . 3 . 3 1 3 10 . 3 2 2 1 . . . To Critical Strikes . | . . . . . . . . . . . . . . . . Average Slot Usage (%) 79 | . 100 95 100 98 91 82 68 22 34 32 57 70 69 68 69 Engine 5 | . 14 10 11 8 4 6 1 . . . . . . . . Core 1 | . . . . . 2 . 2 . . . . 3 9 7 . Treads 17 | . 28 30 33 26 30 23 13 3 . . . . . . . Hover 1 | . . . . . . 1 4 1 4 2 4 . . . . Flight 1 | . . . . . . . . . . 1 8 12 . . . Device 15 | . 14 18 11 24 15 13 14 10 14 7 14 20 6 15 10 Storage 8 | . 14 11 11 9 7 6 5 5 4 7 7 3 18 22 16 Hackware 1 | . . . . . . . . . . 4 4 3 . . 9 Protection 4 | . . 1 11 1 6 9 5 . 9 . 3 8 . . . Energy Gun 4 | . . . . 3 11 8 1 . . . 8 1 18 . . Ballistic Gun 10 | . 28 22 22 19 10 10 4 . . . . . . . . Slashing Weapon 1 | . . . . . . . . . . . 1 7 9 14 15 Naked Turns . | . . . . . . . . . . . . . . . . Heaviest Build 63 | 14 29 36 36 44 45 53 60 29 29 38 59 63 44 42 54 Greatest Support 96 | 40 40 63 60 66 80 96 68 44 66 44 58 66 60 60 60 Greatest Overweight (x) 2 | . . . . . . 1 2 1 . 1 2 1 . . . Average Overweight (x) . | . . . . . . . . . . . . . . . . Largest Inventory Capacity 15 | 8 15 15 15 15 15 15 15 15 15 10 10 10 10 10 10 Average Capacity 13 | 7 10 15 15 15 15 15 15 15 14 9 10 9 9 10 10 Most Carried 15 | 7 10 14 11 15 15 15 15 9 6 10 10 10 5 7 8 Average Carried 10 | 4 7 11 11 12 14 14 12 8 5 7 9 9 3 3 6 Final Capacity 15 | 8 15 15 15 15 15 15 15 15 5 10 10 5 10 10 10 Final Carried 15 | 6 10 12 11 15 15 14 9 6 5 10 10 5 5 3 8 Class Distribution -------------------- 29% | Mutant 23% | Tank 20% | Scavenger-Tank 11% | Scavenger-Mutant 9% | Alien-Sigix 3% | Alien-Mutant Dominant Class ---------------- Mutant | -10/Materials Scavenger-Mutant | -9/Materials Scavenger-Mutant | -9/Mines Tank | -8/Materials Tank | -7/Factory Scavenger-Tank | -6/Factory Scavenger-Tank | -5/Factory Mutant | -4/Factory Mutant | -4/Garrison Mutant | -3/Research Mutant | -3/Quarantine Alien-Mutant | -3/Section 7 Alien-Sigix | -2/Research Alien-Sigix | -1/Access Alien-Sigix | -1/Command Resources | -11 -10 -9 -9 -8 -7 -6 -5 -4 -4 -3 -3 -3 -2 -1 -1 ----------- Run | Scr Mat Mat Min Mat Fac Fac Fac Fac Gar Res Qua Sec Res Acc Com Matter Collected 4145 | 294 316 309 71 575 762 390 771 . 29 133 52 348 40 15 40 Remotely . | . . . . . . . . . . . . . . . . Salvage Created 9311 | 111 601 639 . 1211 1484 1349 434 . . 227 90 978 143 880 1164 Parts 422 | 12 45 32 . 62 77 56 16 . . 2 8 40 2 45 25 Haulers Intercepted 15 | . 2 2 . 2 3 4 1 . . . . 1 . . . Recyclers Shooed 5 | 1 1 . . 1 1 . 1 . . . . . . . . Parts Field Recycled . | . . . . . . . . . . . . . . . . Retrieved Matter . | . . . . . . . . . . . . . . . . Parts Self-Destructed . | . . . . . . . . . . . . . . . . Prevented . | . . . . . . . . . . . . . . . . Kills | -11 -10 -9 -9 -8 -7 -6 -5 -4 -4 -3 -3 -3 -2 -1 -1 ------- Run | Scr Mat Mat Min Mat Fac Fac Fac Fac Gar Res Qua Sec Res Acc Com Combat Hostiles Destroyed 132 | . 12 9 . 19 26 22 14 . . 1 1 11 . 10 7 Melee 28 | . . . . . . . . . . . 1 11 . 9 7 Guns 87 | . 12 9 . 15 25 18 8 . . . . . . . . Cannons 10 | . . . . 3 . . 6 . . 1 . . . . . AOE 3 | . . . . . . 3 . . . . . . . . . Classes Destroyed 19 | 2 6 1 . 2 4 1 1 . . . . . . 2 . Worker 7 | . 1 . . 1 1 . 1 . . . . 1 . 2 . Builder 5 | . . . . 1 1 1 1 . . . . . . 1 . Tunneler 5 | 3 . . . 1 . . 1 . . . . . . . . Hauler 15 | . 2 2 . 2 3 4 1 . . . . 1 . . . Recycler 7 | 1 . 2 . . 1 . 1 . . 1 . . 1 . . Mechanic 2 | . 1 . . 1 . . . . . . . . . . . Operator 3 | . 1 . . 1 . . . . . . 1 . . . . Watcher 5 | . . . . . 1 . . . . . . 2 . 1 1 Swarmer 20 | . 6 3 . . 4 . . . . . . 3 . . 4 Grunt 48 | . 6 1 . 9 7 5 9 . . . . 5 . 5 1 Brawler 2 | . . . . . 1 . . . . . . . . 1 . Duelist 1 | . . . . . 1 . . . . . . . . . . Protector 2 | . . . . . . . . . . . . . . 2 . Sentry 29 | . . 5 . 8 8 5 . . . . . 3 . . . Hunter 7 | . . . . 2 1 2 1 . . . . . . . 1 Programmer 15 | . . . . . 4 4 3 . . 1 1 . . 2 . Heavy 1 | . . . . . . . 1 . . . . . . . . Investigator 1 | . . . . . . . . . . . . . . 1 . Assembled 6 | . . . . . . 6 . . . . . . . . . Best Kill Streak 6 | 4 3 3 . 4 6 6 5 . . 1 1 6 1 5 4 Combat Bots Only 6 | . 3 3 . 3 6 6 2 . . 1 1 6 . 5 4 Max Kills in Single Turn 3 | 1 1 1 . 2 2 3 2 . . 1 1 1 1 1 1 Gunslinging 1 | . . . . . 1 1 . . . . . . . . . Exploded 3 | . . . . . . 3 . . . . . . . . . Melee 1 | . . . . . . . . . . . 1 1 . 1 1 Uniques/NPCs Destroyed 1 | . . . . . . . . . . . . . . . 1 MAIN.C Shell (-1/Command) Combat | -11 -10 -9 -9 -8 -7 -6 -5 -4 -4 -3 -3 -3 -2 -1 -1 -------- Run | Scr Mat Mat Min Mat Fac Fac Fac Fac Gar Res Qua Sec Res Acc Com Damage Taken 20181 | . 480 979 . 1028 1881 1695 2421 1044 730 827 1658 2134 79 1791 3434 Core 3693 | . 124 54 . 78 178 142 368 291 170 253 68 342 24 612 989 Absorbed by Shields 152 | . . . . 136 . . 16 . . . . . . . . Redirected to Shielding 155 | . . . . . . . . . . . . 155 . . . Regen/Repaired (Parts) 1719 | . . . . . . . . . . . 42 1208 200 145 124 Core Remaining (%) 73 | 100 50 . 86 85 74 83 63 . 59 . . 40 98 . . Volleys Fired 396 | 6 71 48 . 68 72 63 53 . . 12 1 1 1 . . Largest 4 | 2 2 2 . 3 3 4 4 . . 2 3 2 2 . . Hottest 225 | 40 40 43 . 149 138 225 214 . . 188 195 200 200 . . Shots Fired 990 | 12 142 93 . 199 215 158 151 . . 13 3 2 2 . . Gun 843 | 12 142 93 . 173 215 142 59 . . . 3 2 2 . . Cannon 146 | . . . . 26 . 15 92 . . 13 . . . . . Launcher 1 | . . . . . . 1 . . . . . . . . . Special . | . . . . . . . . . . . . . . . . Kinetic 728 | 12 142 93 . 151 112 83 135 . . . . . . . . Thermal 232 | . . . . 48 103 52 16 . . 13 . . . . . Explosive 1 | . . . . . . 1 . . . . . . . . . Electromagnetic 25 | . . . . . . 22 . . . . 3 . . . . Slashing 4 | . . . . . . . . . . . . 2 2 . . Robot Hit Streak 29 | 9 18 29 . 19 12 18 10 . . 7 10 . . . . Robot Miss Streak 10 | . 4 2 . 3 4 6 10 . . . . . . . . Penetration Max . | . . . . . . . . . . . . . . . . Secondary Targets 7 | . . . . 2 1 4 . . . . . . . . . Max Gunslinging Chain 2 | . . . . 1 1 2 . . . . . . . . . Shots Hit Robots 821 | 9 89 78 . 139 147 131 130 . . 7 5 38 4 20 24 Core Hits 467 | 5 36 23 . 55 90 106 113 2 . 2 2 16 . 7 10 Critical Kills 3 | . . . . 1 . 1 . . . 1 . . . . . Critical Parts Destroyed 1 | . . 1 . . . . . . . . . . . . . Critical Strikes 23 | . . 1 . 4 5 2 6 . . 1 1 1 1 1 . Burn 9 | . . . . 3 5 1 . . . . . . . . . Meltdown 2 | . . . . . . 1 . . . 1 . . . . . Destroy 2 | . . 1 . 1 . . . . . . . . . . . Blast 6 | . . . . . . . 6 . . . . . . . . Corrupt 1 | . . . . . . . . . . . 1 . . . . Sever 3 | . . . . . . . . . . . . 1 1 1 . Melee Attacks 188 | . . . . . . . . . . 4 21 65 5 50 43 Impact . | . . . . . . . . . . . . . . . . Slashing 168 | . . . . . . . . . . . 5 65 5 50 43 Piercing 20 | . . . . . . . . . . 4 16 . . . . Sneak Attacks 10 | . . . . . . . . . . . . 5 1 3 1 Combat Hostiles 2 | . . . . . . . . . . . . 1 . . 1 Follow-up Attacks 10 | . . . . . . . . . . . . 5 . 3 2 Damage Inflicted 26061 | 103 965 968 . 1980 3044 3224 2803 47 . 281 145 3516 978 4116 3891 Guns 9933 | 103 952 968 . 1667 3038 2097 957 . . . 91 60 . . . Cannons 2547 | . . . . 307 . 206 1769 . . 265 . . . . . Explosions 921 | . . . . . . 921 . . . . . . . . . Melee 12428 | . . . . . . . . . . . 54 3396 978 4109 3891 Ramming 232 | . 13 . . 6 6 . 77 47 . 16 . 60 . 7 . Kinetic 8230 | 103 952 968 . 1307 1371 1033 2496 . . . . . . . . Thermal 4645 | . . . . 667 1667 1816 230 . . 265 . . . . . Explosive . | . . . . . . . . . . . . . . . . Electromagnetic 466 | . . . . . . 375 . . . . 91 . . . . Impact . | . . . . . . . . . . . . . . . . Slashing 12434 | . . . . . . . . . . . . 3456 978 4109 3891 Piercing 54 | . . . . . . . . . . . 54 . . . . Highest Corruption 11 | . 6 . . 1 2 3 7 2 2 2 5 5 . 1 11 Average Corruption 1 | . 4 . . 1 1 1 2 2 2 1 2 5 . 1 2 Corruption Purged . | . . . . . . . . . . . . . . . . Corruption Blocked 15 | . . . . . . . . . . . . 15 . . . Effects 88 | . 9 . . 3 14 16 12 . 8 4 9 8 . . 5 Message Errors 21 | . . . . 1 2 5 3 . 1 1 3 3 . . 2 Matter Fused 27 | . 4 . . 1 6 6 3 . 1 . 3 2 . . 1 Heat Flow Errors 9 | . 1 . . . 2 1 1 . 3 . . . . . 1 Energy Discharges 10 | . . . . . 1 1 1 . 2 1 2 2 . . . Parts Rejected 1 | . . . . 1 . . . . . . . . . . . Data Loss (minor) 8 | . 1 . . . 2 2 2 . 1 . . . . . . Data Loss (major) 8 | . 3 . . . . . 1 . . 2 1 1 . . . Alerts 2 | . . . . . . 1 1 . . . . . . . . Misdirections 1 | . . . . . . . . . . . . . . . 1 Weapon Failures 1 | . . . . . 1 . . . . . . . . . . Overload Shots . | . . . . . . . . . . . . . . . . Overflow Damage 3683 | . . . . . . 171 . . . 22 . 376 436 1965 713 Projectiles 22 | . . . . . . . . . . 22 . . . . . Explosions 171 | . . . . . . 171 . . . . . . . . . Melee 3490 | . . . . . . . . . . . . 376 436 1965 713 Knockbacks 14 | . . . . . . . 13 . . . . 1 . . . Impact 1 | . . . . . . . . . . . . 1 . . . Kinetic 13 | . . . . . . . 13 . . . . . . . . Secondary . | . . . . . . . . . . . . . . . . Self-Inflicted Damage 231 | . . . . . . 110 36 22 . 7 . . . 56 . Shots 3 | . . . . . . 2 . . . . . . . 1 . Rammed 22 | . 2 . . 1 2 . 7 8 . 2 . . . . . Targets Rammed 26 | . 2 . . 2 2 . 7 8 . 2 . 1 . 2 . Kicked 3 | . . . . . . . . . . . . 1 . 2 . Crushed 1 | . . . . 1 . . . . . . . . . . . Highest Temperature 375 | . 184 8 . 235 353 375 258 5 243 200 62 31 . . . Average Temperature 71 | . 43 5 . 53 70 87 86 5 109 72 30 16 . . . Received Heat Transfer 3599 | . 141 441 . 371 480 404 484 135 45 162 9 291 27 324 285 Effects 7 | . . . . . 1 6 . . . . . . . . . Interference 6 | . . . . . . 6 . . . . . . . . . Matter Decay 1 | . . . . . 1 . . . . . . . . . . Siege Activations . | . . . . . . . . . . . . . . . . Robots Corrupted 1 | . . . . . . . . . . . 1 . . . . Combat Hostiles . | . . . . . . . . . . . . . . . . Parts Fried 3 | . . . . . . 1 . . . . 2 . . . . Impact Corruptions . | . . . . . . . . . . . . . . . . Robots Melted 5 | . . . . 1 1 2 . . . 1 . . . . . Combat Hostiles 3 | . . . . 1 1 1 . . . . . . . . . Parts Melted 11 | . . . . 4 4 2 . . . 1 . . . . . Heat Transferred 7640 | . . . . 1443 2844 2491 525 . . 337 . . . . . Parts Sabotaged 6 | . . . . . . . . . 6 . . . . . . Parts Stolen . | . . . . . . . . . . . . . . . . Parts Stripped . | . . . . . . . . . . . . . . . . Power Chain Reactions 1 | . . . . . . 1 . . . . . . . . . Missiles Intercepted . | . . . . . . . . . . . . . . . . Alert | -11 -10 -9 -9 -8 -7 -6 -5 -4 -4 -3 -3 -3 -2 -1 -1 ------- Run | Scr Mat Mat Min Mat Fac Fac Fac Fac Gar Res Qua Sec Res Acc Com Peak Influence 2299 | 20 223 232 43 362 596 315 299 92 149 174 219 1641 1618 2299 2038 Initial 1471 | . 13 18 43 16 113 250 154 32 64 81 3 75 1100 1100 1471 Average 332 | 8 94 111 43 187 378 214 167 44 68 93 93 413 1150 1874 1751 Maximum Alert Level 5 | . 1 1 . 1 2 1 1 . . . 1 5 5 5 5 Low Security (%) 53 | 100 91 89 100 51 6 32 77 100 100 100 97 23 . . . Level 1 29 | . 8 10 . 48 51 67 22 . . . 2 49 . . . Level 2 7 | . . . . . 42 . . . . . . 13 . . . Level 3 . | . . . . . . . . . . . . 6 19 . . Level 4 2 | . . . . . . . . . . . . . 69 5 30 Level 5 2 | . . . . . . . . . . . . . . . 47 High Security . | . . . . . . . . . . . . . . . 21 Max Security 4 | . . . . . . . . . . . . 6 10 94 . Squads Dispatched 79 | . 2 . . 5 11 10 5 . . . 1 10 8 23 4 Investigation 7 | . 1 . . 1 1 2 . . . . . . 1 . 1 Extermination 11 | . . . . . 3 4 2 . . . . 1 . . 1 Reinforcement 14 | . 1 . . 2 1 . 3 . . . 1 3 . 2 1 Assault 34 | . . . . . . . . . . . . 6 6 21 1 Garrison 13 | . . . . 2 6 4 . . . . . . 1 . . Intercept . | . . . . . . . . . . . . . . . . Searches Triggered . | . . . . . . . . . . . . . . . . Construction Impeded . | . . . . . . . . . . . . . . . . Haulers Reinforced 4 | . . . . . 1 . 1 . . . . 1 . 1 . Active Scanning Responses . | . . . . . . . . . . . . . . . . Cargo Convoy Interrupts . | . . . . . . . . . . . . . . . . Stealth | -11 -10 -9 -9 -8 -7 -6 -5 -4 -4 -3 -3 -3 -2 -1 -1 --------- Run | Scr Mat Mat Min Mat Fac Fac Fac Fac Gar Res Qua Sec Res Acc Com Distress Signals 18 | . 1 4 . 1 1 1 1 . . 1 . 4 . 3 1 Communications Jammed . | . . . . . . . . . . . . . . . . Distress Signals . | . . . . . . . . . . . . . . . . Times Spotted 397 | . 23 20 . 36 33 27 26 11 22 14 13 63 11 57 41 Peak Tracking Total 33 | . 4 6 . 6 4 7 6 11 23 11 10 15 16 33 32 Tactical Retreats 35 | . 1 . . 4 3 . 1 1 2 2 2 8 1 7 3 Traps | -11 -10 -9 -9 -8 -7 -6 -5 -4 -4 -3 -3 -3 -2 -1 -1 ------- Run | Scr Mat Mat Min Mat Fac Fac Fac Fac Gar Res Qua Sec Res Acc Com Traps Triggered 19 | . 6 . . 3 1 2 1 1 . . 1 1 . 1 2 Indirectly . | . . . . . . . . . . . . . . . . Trap Hack Attempts . | . . . . . . . . . . . . . . . . Triggered . | . . . . . . . . . . . . . . . . Disarmed . | . . . . . . . . . . . . . . . . Reprogrammed . | . . . . . . . . . . . . . . . . Reused . | . . . . . . . . . . . . . . . . Traps Extracted . | . . . . . . . . . . . . . . . . Installed . | . . . . . . . . . . . . . . . . Triggered . | . . . . . . . . . . . . . . . . Machines | -11 -10 -9 -9 -8 -7 -6 -5 -4 -4 -3 -3 -3 -2 -1 -1 ---------- Run | Scr Mat Mat Min Mat Fac Fac Fac Fac Gar Res Qua Sec Res Acc Com Machines Disabled 17 | . . . . 1 2 2 . . . . 7 3 . 1 1 Max in Single Turn 2 | . . . . 1 1 2 . . . . 1 1 . 1 1 Garrison Access 1 | . . . . 1 . . . . . . . . . . . Energy Cycler 1 | . . . . . . . . . . . . . . 1 . Machines Sabotaged . | . . . . . . . . . . . . . . . . Overloaded Fab Kills . | . . . . . . . . . . . . . . . . Hacking | -11 -10 -9 -9 -8 -7 -6 -5 -4 -4 -3 -3 -3 -2 -1 -1 --------- Run | Scr Mat Mat Min Mat Fac Fac Fac Fac Gar Res Qua Sec Res Acc Com Machines Accessed 29 | . 5 3 . 1 2 3 . 1 . 2 . 6 2 . 4 Terminals 25 | . 5 3 . . 2 2 . . . 1 . 6 2 . 4 Fabricators . | . . . . . . . . . . . . . . . . Repair Stations 1 | . . . . . . . . . . 1 . . . . . Recycling Units . | . . . . . . . . . . . . . . . . Scanalyzers . | . . . . . . . . . . . . . . . . Garrison Access 3 | . . . . 1 . 1 . 1 . . . . . . . Total Hacks 54 | . 11 6 . 1 3 7 . 2 . 2 . 13 3 . 6 Successful 25 | . 5 4 . 1 1 . . 1 . 1 . 8 1 . 3 Failed 29 | . 6 2 . . 2 7 . 1 . 1 . 5 2 . 3 Catastrophic 4 | . 1 . . . . 1 . . . 1 . . 1 . . Database Lockouts . | . . . . . . . . . . . . . . . . Manual 10 | . 3 . . . 2 . . . . . . 4 . . 1 Terminals 47 | . 11 6 . . 3 4 . . . 1 . 13 3 . 6 Fabricators . | . . . . . . . . . . . . . . . . Repair Stations 1 | . . . . . . . . . . 1 . . . . . Recycling Units . | . . . . . . . . . . . . . . . . Scanalyzers . | . . . . . . . . . . . . . . . . Garrison Access 6 | . . . . 1 . 3 . 2 . . . . . . . Terminal Hacks 23 | . 5 4 . . 1 . . . . 1 . 8 1 . 3 Robot Analysis 1 | . 1 . . . . . . . . . . . . . . Prototype ID Bank 3 | . 2 1 . . . . . . . . . . . . . Open Door 4 | . . . . . . . . . . 1 . 3 . . . Open DSF 1 | . . . . . . . . . . . . . 1 . . Emergency Access Points 2 | . 1 1 . . . . . . . . . . . . . Terminal Index 1 | . . . . . . . . . . . . . . . 1 Alert Level 2 | . . . . . 1 . . . . . . . . . 1 Hauler Manifests 3 | . 1 2 . . . . . . . . . . . . . Activate Exoskeleton 5 | . . . . . . . . . . . . 5 . . . Disengage Seal 1 | . . . . . . . . . . . . . . . 1 Fabricator Hacks . | . . . . . . . . . . . . . . . . Repair Station Hacks . | . . . . . . . . . . . . . . . . Recycling Unit Hacks . | . . . . . . . . . . . . . . . . Scanalyzer . | . . . . . . . . . . . . . . . . Garrison Access Hacks 2 | . . . . 1 . . . 1 . . . . . . . Unlock Access 1 | . . . . . . . . 1 . . . . . . . Seal Access 1 | . . . . 1 . . . . . . . . . . . Unauthorized Hacks . | . . . . . . . . . . . . . . . . Terminals . | . . . . . . . . . . . . . . . . Fabricators . | . . . . . . . . . . . . . . . . Repair Stations . | . . . . . . . . . . . . . . . . Recycling Units . | . . . . . . . . . . . . . . . . Scanalyzers . | . . . . . . . . . . . . . . . . Garrison Access . | . . . . . . . . . . . . . . . . Data Cores Recovered . | . . . . . . . . . . . . . . . . Used . | . . . . . . . . . . . . . . . . Hacking Detections 20 | . 5 2 . . 1 3 . 1 . 1 . 3 1 . 3 Full Trace Events 4 | . . . . . 1 2 . . . . . . 1 . . Feedback Events . | . . . . . . . . . . . . . . . . Feedback Blocked . | . . . . . . . . . . . . . . . . Robot Schematics Acquired . | . . . . . . . . . . . . . . . . Robots Built . | . . . . . . . . . . . . . . . . Authchips . | . . . . . . . . . . . . . . . . Time . | . . . . . . . . . . . . . . . . Total Robot Build Rating . | . . . . . . . . . . . . . . . . Part Schematics Acquired . | . . . . . . . . . . . . . . . . Parts Built . | . . . . . . . . . . . . . . . . Authchips . | . . . . . . . . . . . . . . . . Time . | . . . . . . . . . . . . . . . . Total Part Build Rating . | . . . . . . . . . . . . . . . . Parts Repaired . | . . . . . . . . . . . . . . . . Time . | . . . . . . . . . . . . . . . . Parts Recycled . | . . . . . . . . . . . . . . . . Recycled Matter . | . . . . . . . . . . . . . . . . Retrieved Matter . | . . . . . . . . . . . . . . . . Retrieved Components . | . . . . . . . . . . . . . . . . Parts Scanalyzed . | . . . . . . . . . . . . . . . . Part Schematics Acquired . | . . . . . . . . . . . . . . . . Parts Damaged . | . . . . . . . . . . . . . . . . Bothacking | -11 -10 -9 -9 -8 -7 -6 -5 -4 -4 -3 -3 -3 -2 -1 -1 ------------ Run | Scr Mat Mat Min Mat Fac Fac Fac Fac Gar Res Qua Sec Res Acc Com Used RIF Installer . | . . . . . . . . . . . . . . . . Robots Hacked . | . . . . . . . . . . . . . . . . Non-combat . | . . . . . . . . . . . . . . . . Combat . | . . . . . . . . . . . . . . . . Robot Hacks Applied . | . . . . . . . . . . . . . . . . Relay Couplers Released . | . . . . . . . . . . . . . . . . Fabnet Peak Effective % . | . . . . . . . . . . . . . . . . Robots Rewired . | . . . . . . . . . . . . . . . . Allies Hacked . | . . . . . . . . . . . . . . . . Hacks Repelled . | . . . . . . . . . . . . . . . . Allies | -11 -10 -9 -9 -8 -7 -6 -5 -4 -4 -3 -3 -3 -2 -1 -1 -------- Run | Scr Mat Mat Min Mat Fac Fac Fac Fac Gar Res Qua Sec Res Acc Com Total Allies 94 | . . . . . . . . . . . . 3 13 30 48 Largest Group 14 | . . . . . . . . . . . . 3 7 8 14 Highest-Rated Group 410 | . . . . . . . . . . . . 138 101 116 410 Highest-Rated Ally 234 | . . . . . . . . . . . . 46 15 15 234 Total Orders . | . . . . . . . . . . . . . . . . Ally Attacks 126 | . . . . . . . . . . . . 11 12 41 62 Total Damage 4155 | . . . . . . . . . . . . 367 280 829 2679 Kills 23 | . . . . . . . . . . . . 3 1 5 14 Allies Corrupted . | . . . . . . . . . . . . . . . . Allies Melted . | . . . . . . . . . . . . . . . . Intel | -11 -10 -9 -9 -8 -7 -6 -5 -4 -4 -3 -3 -3 -2 -1 -1 ------- Run | Scr Mat Mat Min Mat Fac Fac Fac Fac Gar Res Qua Sec Res Acc Com Robot Analysis Total 1 | . 1 . . . . . . . . . . . . . . Derelict Logs Recovered . | . . . . . . . . . . . . . . . . Drone Launches . | . . . . . . . . . . . . . . . . Drone Recoveries . | . . . . . . . . . . . . . . . . Exploration | -11 -10 -9 -9 -8 -7 -6 -5 -4 -4 -3 -3 -3 -2 -1 -1 ------------- Run | Scr Mat Mat Min Mat Fac Fac Fac Fac Gar Res Qua Sec Res Acc Com Turns Passed 11176 | 112 1282 551 328 1325 1620 1520 943 132 646 446 497 745 121 426 482 Spaces Moved 7947 | 50 651 221 85 619 752 646 473 212 150 644 616 1145 277 696 710 Core 1 | 1 . . . . . . . . . . . . . . . Treads 3575 | 49 651 221 85 619 752 646 372 179 1 . . . . . . Legs 1796 | . . . . . . . . . . . . 113 277 696 710 Wheels . | . . . . . . . . . . . . . . . . Hover 590 | . . . . . . . 101 33 149 304 3 . . . . Flight 1985 | . . . . . . . . . . 340 613 1032 . . . Fastest Speed 30 | 50 160 160 160 160 167 163 48 48 48 48 40 30 30 30 30 Average Speed 95 | 157 160 160 160 160 168 179 158 55 48 57 46 37 30 30 30 Slowest Speed 330 | 160 160 160 160 170 170 245 330 93 48 93 196 104 30 30 30 Overloaded Moves . | . . . . . . . . . . . . . . . . Propulsion Burnouts . | . . . . . . . . . . . . . . . . Robots Hopped 16 | . . . . . . . . . . 5 1 9 . . 1 Cave-ins Triggered . | . . . . . . . . . . . . . . . . Teleports 2 | . . . . . . . . . . . . 2 . . . Exploration Rate (%) 30 | 4 97 28 22 49 19 14 13 8 27 13 63 69 10 26 24 Regions Visited 15 Branch Regions 4 Pre-discovered Areas . | . . . . . . . . . . . . . . . . Known Exits Taken 1 | . . . . . . . . 1 . . . . . . . Unknown Exits Taken 13 | 1 1 1 1 1 1 1 1 . . 1 1 1 1 1 . Scrap Searched . | . . . . . . . . . . . . . . . . Spaces Dug 43 | . . . . . . . . . . 1 3 11 5 18 5 Terrain Destroyed 94 | . . . . . 7 26 1 . . 6 3 11 5 30 5 Melee 35 | . . . . . . . . . . . 3 8 1 18 5 Projectile 21 | . . . . . 7 . 1 . . 6 . 3 4 . . AOE 38 | . . . . . . 26 . . . . . . . 12 . Terrain Rammed . | . . . . . . . . . . . . . . . . Walls Destroyed . | . . . . . . . . . . . . . . . . Machines Disabled . | . . . . . . . . . . . . . . . . Actions | -11 -10 -9 -9 -8 -7 -6 -5 -4 -4 -3 -3 -3 -2 -1 -1 --------- Run | Scr Mat Mat Min Mat Fac Fac Fac Fac Gar Res Qua Sec Res Acc Com Total 10448 | 69 764 324 277 819 961 876 571 227 722 693 792 1330 301 823 899 Wait 1601 | . 27 40 192 67 103 147 22 4 569 22 84 97 11 78 138 Move 7903 | 49 650 220 84 618 751 645 472 212 149 635 613 1126 276 695 708 Hop 14 | . . . . . . . . . . 3 1 9 . . 1 Pick Up 62 | 7 7 3 . 18 2 . 2 . 1 2 10 9 . . 1 Fast Attach 71 | 6 . 4 . 5 1 5 2 . 2 7 16 14 5 . 4 Attach 56 | 1 . 5 1 9 5 3 9 3 . 2 8 4 1 3 2 Detach 32 | . . 1 . 1 2 2 3 . . 4 5 4 2 2 6 Swap 35 | . 2 3 . 12 11 6 . . . . 1 . . . . Drop 72 | . 5 . . 19 12 5 1 . 1 . 19 10 . . . Fire 396 | 6 71 48 . 68 72 63 53 . . 12 1 1 1 . . Melee 167 | . . . . . . . . . . 4 21 55 5 43 39 Ram 17 | . . . . . . . 7 8 . 2 . . . . . Kick 3 | . . . . . . . . . . . . 1 . 2 . Crush 6 | . 2 . . 2 2 . . . . . . . . . . Escape Stasis 13 | . . . . . . . . . . . 13 . . . . Rewire . | . . . . . . . . . . . . . . . . Trap . | . . . . . . . . . . . . . . . . Miscellaneous . | . . . . . . . . . . . . . . . . Route ------- -11/Scrapyard -10/Materials (discovered 4 exits: *Mat x3 / [*Min]) -9/Materials -9/Mines -8/Materials -7/Factory -6/Factory -5/Factory -4/Factory -4/Garrison -3/Research -3/Quarantine -3/Section 7 -2/Research -1/Access (discovered 2 exits: [*Sur] / *Com) -1/Command History --------- Turn | Location | Event 36 | -11/Scrapyard | Discovered new exit (range 15) 113 | -11/Scrapyard | Entered Materials 315 | -10/Materials | Build established: Mutant 403 | -10/Materials | Discovered new exit (range 13) 549 | -10/Materials | Discovered new exit (range 15) 872 | -10/Materials | Discovered new exit (range 15) 1172 | -10/Materials | Discovered new exit (range 14) 1395 | -10/Materials | Entered another Materials area 1395 | -9/Materials | Evolved 2 slots: Propulsion x1, Utility x1 1702 | -9/Materials | Lost 3 parts (1n2w) 1750 | -9/Materials | Build established: Scavenger-Mutant 1760 | -9/Materials | Discovered new exit (range 8) 1946 | -9/Materials | Entered Mines 1947 | -9/Mines | Assembled infested the area 1954 | -9/Mines | Lost 3 parts (2n1u) 2258 | -9/Mines | Discovered new exit (range 8) 2274 | -9/Mines | Entered Materials 2274 | -8/Materials | Evolved 2 slots: Utility x1, Weapon x1 2523 | -8/Materials | Lost 3 parts (2n1u) 3064 | -8/Materials | Garrison activated, responded to threat 3574 | -8/Materials | Discovered new exit (range 15) 3599 | -8/Materials | Entered Factory 3599 | -7/Factory | Evolved 2 slots: Propulsion x1, Utility x1 3603 | -7/Factory | Found Scrap Engine 3655 | -7/Factory | Garrison activated, responded to threat 3765 | -7/Factory | Build established: Tank 4260 | -7/Factory | Build established: Scavenger-Tank 4526 | -7/Factory | Garrison activated, responded to threat 4672 | -7/Factory | Build established: Tank 4883 | -7/Factory | Discovered new exit (range 4) 5219 | -7/Factory | Entered another Factory area 5219 | -6/Factory | Evolved 2 slots: Utility x1, Weapon x1 5533 | -6/Factory | Garrison activated, responded to threat 5761 | -6/Factory | Lost 3 parts (1u2w) 5856 | -6/Factory | Garrison activated, responded to threat 6294 | -6/Factory | Build established: Scavenger-Tank 6548 | -6/Factory | Discovered new exit (range 6) 6712 | -6/Factory | Assembled infested ambush trap array 6739 | -6/Factory | Entered another Factory area 6739 | -5/Factory | Evolved 2 slots: Propulsion x2 7648 | -5/Factory | Lost 10 parts (1p3n2u4w) 7665 | -5/Factory | Spotted B-75 Beast 7671 | -5/Factory | Discovered new exit (range 13) 7682 | -5/Factory | Entered another Factory area 7682 | -4/Factory | Evolved 2 slots: Utility x2 7814 | -4/Factory | Identified exit to Garrison 7814 | -4/Factory | Entered Garrison 7893 | -4/Garrison | Build established: Mutant 8400 | -4/Garrison | Triggered checkpoint 8435 | -4/Garrison | Spotted B-86 Titan 8441 | -4/Garrison | Triggered checkpoint 8455 | -4/Garrison | Discovered new exit (range 11) 8460 | -4/Garrison | Entered Research 8460 | -3/Research | Evolved 2 slots: Power x1, Utility x1 8478 | -3/Research | Lost 3 parts (3u) 8485 | -3/Research | Found Quantum Capacitor 8902 | -3/Research | Discovered new exit (range 9) 8906 | -3/Research | Entered Quarantine 9025 | -3/Quarantine | Found Alien Reactor 9025 | -3/Quarantine | Identified Matter Drive 9038 | -3/Quarantine | Cryocooling Duct disabled 9049 | -3/Quarantine | Cryocooling Duct disabled 9053 | -3/Quarantine | Ambient heat levels rising (+20) 9053 | -3/Quarantine | Non-combat units ordered to evacuate 9064 | -3/Quarantine | Ambient heat levels rising (+20) 9064 | -3/Quarantine | Combat units ordered to evacuate 9153 | -3/Quarantine | Found Alien Slashing Weapon 9153 | -3/Quarantine | Identified Sigix Broadsword 9164 | -3/Quarantine | Quarantine Guard activated 9174 | -3/Quarantine | Found Alien Energy Cannon 9209 | -3/Quarantine | Spotted Quarantine Guard 9209 | -3/Quarantine | Spotted Quarantine Guard 9246 | -3/Quarantine | Found Alien Artifact 9255 | -3/Quarantine | Found Alien Artifact 9265 | -3/Quarantine | Spotted Quarantine Guard 9277 | -3/Quarantine | Spotted Quarantine Guard 9278 | -3/Quarantine | Spotted Quarantine Guard 9302 | -3/Quarantine | Spotted Quarantine Guard 9318 | -3/Quarantine | Found Alien Artifact 9318 | -3/Quarantine | Identified Subatomic Replicator 9319 | -3/Quarantine | Identified Terrabomb (x2) 9319 | -3/Quarantine | Used Terrabomb 9334 | -3/Quarantine | Spotted Quarantine Guard 9342 | -3/Quarantine | Spotted Quarantine Guard 9366 | -3/Quarantine | Used Subatomic Replicator to replicate Sigix Broadsword 9372 | -3/Quarantine | Spotted Fortress 9401 | -3/Quarantine | Discovered new exit (range 5) 9401 | -3/Quarantine | Spotted Quarantine Guard 9403 | -3/Quarantine | Entered Section 7 9673 | -3/Section 7 | Found Alien Artifact 9673 | -3/Section 7 | Identified Core Reset Matrix 9673 | -3/Section 7 | Identified Core Cannon 9673 | -3/Section 7 | Used Core Reset Matrix 9677 | -3/Section 7 | Sensed 24 artifacts in vicinity 9687 | -3/Section 7 | Found Integrated Mediator 9687 | -3/Section 7 | Installed Integrated Mediator, increased core attachment efficiency. 9900 | -3/Section 7 | Allied Derelicts emerged from ambush trap array 9971 | -3/Section 7 | Build established: Alien-Mutant 10012 | -3/Section 7 | Spotted Alpha 7 10014 | -3/Section 7 | Spotted Alpha 7 10019 | -3/Section 7 | Spotted B-99 Colossus 10061 | -3/Section 7 | Found Transdimensional Reconstructor 10062 | -3/Section 7 | Found Transdimensional Reconstructor 10083 | -3/Section 7 | Spotted Executioner 10083 | -3/Section 7 | Spotted Executioner 10083 | -3/Section 7 | Spotted Striker 10084 | -3/Section 7 | Spotted Striker 10100 | -3/Section 7 | Integrated with Sigix Exoskeleton 10111 | -3/Section 7 | Warped through subspace 10126 | -3/Section 7 | Found Hpw. Transdimensional Reconstructor 10126 | -3/Section 7 | Warped through subspace 10127 | -3/Section 7 | Core integrity fell below 50% 10131 | -3/Section 7 | Spotted S7 Guard 10141 | -3/Section 7 | Discovered new exit (range 18) 10148 | -3/Section 7 | Entered Research 10148 | -2/Research | Evolved 2 slots: Weapon x2 10153 | -2/Research | Emitted hypermatrix ping 10158 | -2/Research | Assembled emerged from beneath the floor 10176 | -2/Research | Assembled emerged from beneath the floor 10192 | -2/Research | Identified exit to DSF 10233 | -2/Research | Garrison activated, responded to threat 10237 | -2/Research | Discovered new exit (range 18) 10269 | -2/Research | Entered Access 10269 | -1/Access | Evolved 2 slots: Utility x2 10274 | -1/Access | Emitted hypermatrix ping 10279 | -1/Access | Assembled emerged from beneath the floor 10414 | -1/Access | Build established: Alien-Sigix 10451 | -1/Access | Assembled emerged from beneath the floor 10461 | -1/Access | Energy Cycler disabled 10469 | -1/Access | Spotted B-99 Colossus 10513 | -1/Access | Sigix Exoskeleton integrity reduced to 80% 10518 | -1/Access | Discovered new exit (range 18) 10564 | -1/Access | Assembled emerged from beneath the floor 10622 | -1/Access | Spotted Executioner 10626 | -1/Access | Spotted Executioner 10626 | -1/Access | Spotted Executioner 10627 | -1/Access | Discovered new exit (range 18) 10629 | -1/Access | Spotted Striker 10629 | -1/Access | Spotted Executioner 10629 | -1/Access | Spotted Executioner 10630 | -1/Access | Destroyed Investigator 10652 | -1/Access | Assembled emerged from beneath the floor 10695 | -1/Access | Entered Command 10700 | -1/Command | Emitted hypermatrix ping 10705 | -1/Command | Assembled emerged from beneath the floor 10827 | -1/Command | Disengaged cave seal 10983 | -1/Command | First assault squad dispatched 11005 | -1/Command | Assembled emerged from beneath the floor 11035 | -1/Command | High security lockdown imminent 11076 | -1/Command | Spotted M Guard 11076 | -1/Command | Spotted M Guard 11079 | -1/Command | Spotted Combat Programmer 11080 | -1/Command | Spotted Combat Programmer 11094 | -1/Command | Core integrity fell below 50% 11113 | -1/Command | Met MAIN.C 11113 | -1/Command | 0b10 Conduit disabled 11115 | -1/Command | High security lockdown engaged 11118 | -1/Command | Sigix Exoskeleton integrity reduced to 60% 11135 | -1/Command | MAIN.C's shell transforms into a squad of autonomous robots 11135 | -1/Command | Destroyed MAIN.C Shell 11135 | -1/Command | Spotted M Shell/Def 11135 | -1/Command | Spotted M Shell/Atk 11135 | -1/Command | Spotted M Shell/Def 11135 | -1/Command | Spotted M Shell/Atk 11135 | -1/Command | Spotted M Shell/Atk 11135 | -1/Command | Spotted M Shell/Def 11135 | -1/Command | Spotted M Shell/Atk 11135 | -1/Command | Spotted M Shell/Def 11138 | -1/Command | MAIN.C activated Command garrisons 11140 | -1/Command | Sigix Exoskeleton integrity reduced to 40% 11146 | -1/Command | System corruption reached 10% 11147 | -1/Command | Core integrity fell below 20% 11155 | -1/Command | Sigix Exoskeleton integrity reduced to 20% 11177 | -1/Command | Destroyed by H-88 Terminator with KE Penetrator Last Messages --------------- 11155_ Combat Programmer Prototype Reactor blasted off. 11156_ Penetrated by EMDS Slug. 11156_ Knocked back. 11158_ EMDS Slug penetrates M Shell/Atk. 11161_ Combat Programmer resets M Shell/Atk, system corruption cleaned. 11164_ Penetrated by EMDS Slug. 11164_ EMDS Slug penetrates B-74 Champion. 11166_ Combat Programmer resets B-74 Champion, system corruption cleaned. 11170_ Slug penetrates Reinforced Barrier. 11170_ Penetrated by Slug. 11173_ C-30 ARC bursts open, deploying its payload. 11173_ H-88 Terminator unfolds itself. 11173_ Destroyed Unknown Special Weapon. 11173_ Destroyed Unknown Hover Unit. 11173_ Penetrated by Slug. 11174_ Penetrated by EMDS Slug. 11174_ Slug penetrates P-80 Master. 11174_ Penetrated by Slug. 11176_ 8IDPER/O:MWAGEHRHZ7%GLCFA2XWM1 11177_ Penetrated by Slug. Map ----- +----------------------------------------------------+ | ?????????????????????????????????????????????????? | | ?????????????????????????????????????????????????? | | ?????????????????????????????????????????????????? | | ?????????????????????????????????????????????????? | | ?????????????????????????????????????????????????? | | ?#??#?????????????????# ?????????????????????????? | | ##########???????###### ????????????????????? | | #############?################//?????????????????? | | ############################## ????????????????? | | ##############################e h##??????????????? | | ############################## ###?????????????? | | ##############################x g####????????????? | | ##############################e g#####???????????? | | ##############################e g#####???????????? | | ##############################e ######??????????? | | ##############################h g#######?????????? | | ############################## g#######?????????? | | ##############################p #########???#???# | | ############################## g################# | | ############################## g################# | | ########################## g ################# | | ##########################x g################# | | ########################## g################# | | / ####C ################# | | / p b h h #### g################# | | / lbM % ppX####l g ################ | | ###################h # pxg################# | | ################# # x # # g ################ | | ################### ## g ################ | | ################### T###ig ### ### | | """"###################// ## ### h### ### | | """"################### lpxC gg ggggpp | | """"################### p h h | | " ################### p g | | " ################### " | | " " ################### ClC hp p "%" | | """ ################### ## # # # ### | | " ######################## lh## ### | | " ####################### ## h### ######## | | """"###################### #b d # ######## | | " ######################### d ######### | | ############################## h # ########## | | ############################## ################# | | ############################## ################# | | ########???????############### ################# | | ####????????????############## ################# | | #????????????????############# ################# | | ??????????????????############ ################# | | ???????????????????########### ################# | | ????????????????????########## ################# | +----------------------------------------------------+ Best States ------------- Heat Dissipation 122 Energy Generation 61 Energy Capacity 850 Matter Stores 300 Matter Capacity 300 Sight Range 16 Robot Scan Range 18 Terrain Scan Density 10 Armor Coverage 600 Resistance: KI 50 Resistance: TH 50 Resistance: EX 50 Resistance: EM 50 Resistance: I 50 Resistance: S 50 Resistance: P 50 Propulsion Shielding 66 Weapon Cycling 25 Evasion (%) 74 Recoil Reduction 4 Offensive Hacking 24 Defensive Hacking 10 Item Schematics ----------------- None Robot Schematics ------------------ None Fabricated ------------ Nothing Alien Tech Used ----------------- Matter Drive Sigix Broadsword Subatomic Replicator Terrabomb Core Reset Matrix Integrated Mediator Sigix Exoskeleton Sigix Sheargun Transdimensional Reconstructor High-powered Transdimensional Reconstructor Achievements -------------- Most Wanted Challenges ------------ None Game ------ Seed MappingDataBlaster Manual? 0 Play Time 01:50:03 Cumulative 487.1 hours Start 2022.09.06 @ 11:48:34 End 2022.09.06 @ 17:05:13 Sessions 1 Manual Loads 0 Difficulty Rogue Special Mode None Game No. 555 Rogue 554 Adventurer 0 Explorer 1 Win Type - Total 15 Types 10/0/2/3/0/0/0/0/0 Lore% 80 Gallery% 89 Achievement% 70 Wizard Run 0 Options --------- ASCII 0 Keyboard 1 Movement Vi Keybinds 0 Fullscreen 1 Font 18/SmallcapsGlow Map View 76x50 Tactical HUD 1 Map Filters NONE Filters NONE Steam 1 RUN: 1d127314-bf9e-431d-9e21-62e73e0e6656